 Dungeon Crawl Stone Soup version 0.19.1 (webtiles) character file.

3290 Darkmans the Covert (level 9, -1/42 HPs)
             Began as a Spriggan Assassin on Dec 11, 2016.
             Was a Believer of Dithmenos.
             Slain by an orc warrior
             ... wielding a +0 halberd
              (29 damage)
             ... on level 9 of the Dungeon.
             The game lasted 00:27:57 (11039 turns).

Darkmans the Covert (Spriggan Assassin)            Turns: 11039, Time: 00:27:57

Health: -1/42      AC:  5    Str: 13    XL:     9   Next: 69%
Magic:  10/10      EV: 31    Int: 12    God:    Dithmenos [**....]
Gold:   281        SH:  6    Dex: 21    Spells: 2 memorised, 3 levels left

rFire  . . .     SeeInvis +     y - +3 short sword
rCold  . . .     Gourm    .     c - +0 robe
rNeg   . . .     Faith    .     (shield restricted)
rPois  .         Spirit   .     (helmet restricted)
rElec  .         Reflect  +     d - +0 cloak
rCorr  .         Harm     .     (gloves unavailable)
MR     +....                    (boots unavailable)
Stlth  ++++++++..               E - +6 amulet of reflection
                                H - +2 ring of protection
                                a - ring of Modesty {Wiz Str+6}

@: wreathed by umbra, studying Staves, very quick
A: unfitting armour, see invisible, herbivore 3, speed 3, slow metabolism 2
a: Shadow Step, Renounce Religion


You were on level 9 of the Dungeon.
You worshipped Dithmenos.
Dithmenos was pleased with you.
You were not hungry.

You visited 2 branches of the dungeon, and saw 10 of its levels.
You also visited: Sewer.

You collected 341 gold pieces.
You spent 60 gold pieces at shops.

Inventory:

Hand Weapons
 b - a +0 blowgun
 y - a +3 short sword (weapon)
Missiles
 e - 44 poisoned needles
 f - 10 curare-tipped needles
Armour
 c - a +0 robe (worn)
 d - a +0 cloak (worn)
Jewellery
 a - the ring of Modesty (left hand) {Wiz Str+6}
   (You found it on level 4 of the Dungeon)

   [ring of wizardry]

   It improves your spell success rate.
   It affects your strength (+6).
 E - a +6 amulet of reflection (around neck)
 H - a +2 ring of protection (right hand)
Wands
 n - a wand of lightning (7/15)
 F - a wand of paralysis (13/24)
 I - a wand of lightning (5/15)
Scrolls
 h - 4 scrolls of teleportation {unknown}
 j - 4 scrolls of remove curse
 m - a scroll of random uselessness {unknown}
 p - 2 scrolls of fog {unknown}
 r - 3 scrolls of amnesia {unknown}
 t - 3 scrolls of enchant weapon {unknown}
 w - a scroll of fear {unknown}
 z - a scroll of magic mapping {unknown}
 B - a scroll of immolation {unknown}
 D - 2 scrolls of blinking {unknown}
Potions
 i - 4 potions of heal wounds
 k - a potion of berserk rage {unknown}
 l - a potion of might {unknown}
 o - 2 potions of magic
 q - a potion of brilliance {unknown}
 s - 6 potions of curing
 u - a potion of ambrosia
 v - 4 potions of flight
 x - 2 potions of haste
 A - a potion of cancellation {unknown}
 K - a potion of lignification {unknown}
 M - a potion of agility {unknown}
Books
 C - a book of Maledictions

   Spells                             Type                      Level
   a - Corona                         Hexes                        1
   b - Ensorcelled Hibernation        Hexes/Ice                    2
   c - Confuse                        Hexes                        3
   d - Tukima's Dance                 Hexes                        3
   e - Dazzling Spray                 Conjuration/Hexes            3
 J - a book of Battle

   Spells                             Type                      Level
   a - Infusion                       Charms                       1
   b - Shroud of Golubria             Charms/Translocation         2
   c - Song of Slaying                Charms                       2
   d - Spectral Weapon                Hexes/Charms                 3
   e - Regeneration                   Charms/Necromancy            3
 N - a manual of Staves
Comestibles
 g - 7 bread rations
 L - a royal jelly


   Skills:
 - Level 1.7 Fighting
 - Level 6.0 Short Blades
 - Level 2.0 Throwing
 + Level 12.5 Dodging
 - Level 13.2 Stealth
 - Level 4.2 Hexes


You had 3 spell levels left.
You knew the following spells:

 Your Spells              Type           Power        Failure   Level  Hunger
a - Confuse               Hex            ##......     9%          3    ####...
b - Shroud of Golubria    Chrm/Tloc      #.........   24%         2    ###....


Dungeon Overview and Level Annotations

Branches:
Dungeon (9/15)             Temple (1/1) D:5
   Lair: D:8-11         Orc: D:9-12

Altars:
Ashenzari
Cheibriados
Dithmenos
Elyvilon
Fedhas
Hepliaklqana
Kikubaaqudgha
Makhleb
Okawaru
Qazlal
Ru
Trog
Uskayaw
Xom
Yredelemnul
Zin
The Shining One

Shops:
D:4 !   D:6 :

Annotations:
D:6 Eustachio
D:8 1 runed door


Innate Abilities, Weirdness & Mutations

You are very small and have problems with some larger weapons.
You are too small for most types of armour.
You have supernaturally acute eyesight. (SInv)
You are a herbivore.
You cover ground extremely quickly.
You need consume almost no food.


Message History

The orc warrior misses you. The orc misses you.
You barely miss the orc warrior.
The orc warrior is lightly wounded.
You block the orc's attack. The orc warrior completely misses you.
You hit the orc warrior.
The orc warrior is moderately wounded.
You hit the orc warrior but do no damage.
The orc warrior is moderately wounded.
The orc warrior hits you with a halberd!
The orc completely misses you.
You hit the orc warrior.
The orc warrior is heavily wounded.
The orc completely misses you. The orc warrior completely misses you.
You completely miss the orc warrior.
The orc warrior is heavily wounded.
You hit the orc warrior.
The orc warrior is severely wounded.
The orc warrior hits you with a halberd!!
Ouch! That really hurt!
You die...

#. #.....# #. #.....# ##
...>.# # ....# # #. ...#
# +.. .o# # #.. #o# #
#..##@# ##
####...o.######### #.
.................#######.
##......#.....<.........
#......#...............
#......#...............
#......#...............
#........>.............
.........................


You could see an orc warrior, an orc wizard (invisible) and an orc.

Vanquished Creatures
  Pikel (D:9)
  Sigmund (D:2)
  2 sky beasts
  An ice beast (D:8)
  An orc warrior (D:5)
  2 black bears
  5 ogres
  3 bullfrogs
  A big kobold (Sewer)
  3 scorpions
  A jelly (D:5)
  4 wights (D:8)
  5 crimson imps
  2 quasits
  3 hounds
  An orc priest (D:5)
  5 orc wizards
  3 worker ants
  A killer bee zombie (D:8)
  A hound zombie (D:4)
  A hound skeleton (D:5)
  4 howler monkey zombies
  12 adders
  11 gnolls
  A river rat (Sewer)
  An ooze (D:1)
  3 adder zombies
  2 adder skeletons
  4 worms
  4 dart slugs
  7 leopard geckos
  32 orcs
  5 bats
  4 giant cockroaches
  5 goblins
  7 hobgoblins
  11 jackals
  9 kobolds
  3 quokkas
  A ball python (D:6)
  3 frilled lizards (D:2)
  2 leopard gecko skeletons
  3 quokka skeletons
  9 rats
190 creatures vanquished.

Vanquished Creatures (others)
  An ogre (D:9)
  An iguana (D:9)
  A jackal (D:9)
3 creatures vanquished.

Grand Total: 193 creatures vanquished

Notes
Turn   | Place    | Note
-------+----------+-------------------------------------------
     0 | D:1      | Darkmans the Spriggan Assassin began the quest for the Orb.
     0 | D:1      | Reached XP level 1. HP: 10/10 MP: 2/2
    44 | D:1      | Reached skill level 6 in Stealth
   339 | D:1      | Reached XP level 2. HP: 15/15 MP: 3/3
   897 | D:2      | Reached XP level 3. HP: 11/18 MP: 4/4
  1375 | D:2      | Reached skill level 7 in Stealth
  1493 | D:2      | Reached XP level 4. HP: 23/23 MP: 5/5
  1861 | D:2      | Noticed Sigmund
  1867 | D:2      | Killed Sigmund
  1867 | D:2      | Reached skill level 8 in Stealth
  1867 | D:2      | Reached XP level 5. HP: 26/26 MP: 6/6
  1891 | D:2      | Reached skill level 5 in Short Blades
  2412 | D:3      | Reached XP level 6. HP: 24/30 MP: 7/7
  2422 | D:3      | Reached skill level 9 in Stealth
  3588 | D:4      | Found a shattered altar of Ashenzari.
  3616 | D:4      | Found Huibrop's Distillery.
  3700 | D:4      | Bought a potion of curing for 30 gold pieces
  3700 | D:4      | Bought a potion of flight for 30 gold pieces
  4364 | D:4      | Reached skill level 10 in Stealth
  4364 | D:4      | Reached XP level 7. HP: 24/34 MP: 8/8
  4490 | D:4      | Got a sparkling bronze ring
  4491 | D:4      | Identified the ring of Modesty {Wiz Str+6} (You found it on level 4 of the Dungeon)
  5063 | D:5      | Entered Level 5 of the Dungeon
  5217 | D:5      | Found a staircase to the Ecumenical Temple.
  5335 | Temple   | Entered the Ecumenical Temple
  5439 | Temple   | Became a worshipper of Dithmenos the Shadowed
  5792 | D:5      | Reached skill level 5 in Dodging
  5792 | D:5      | Reached skill level 11 in Stealth
  6205 | D:5      | Reached XP level 8. HP: 26/38 MP: 9/9
  7078 | D:5      | Found an iron altar of Okawaru.
  7151 | D:5      | Reached skill level 12 in Stealth
  7320 | D:6      | Found Yluqerha's Book Boutique.
  7388 | D:6      | Noticed Eustachio
  7588 | D:6      | Found a glowing drain.
  7750 | D:6      | Reached * piety under Dithmenos
  7880 | Sewer    | Entered a sewer
  8036 | Sewer    | Found a white marble altar of Elyvilon.
  8257 | D:6      | Learned a level 3 spell: Confuse
  8374 | D:7      | Learned a level 2 spell: Shroud of Golubria
  8465 | D:7      | Found a glowing golden altar of the Shining One.
  8500 | D:7      | Reached skill level 13 in Stealth
  8914 | D:7      | Reached skill level 1 in Hexes
  8924 | D:7      | Reached XP level 9. HP: 42/42 MP: 10/10
  8987 | D:7      | Reached ** piety under Dithmenos
  9650 | D:8      | Reached skill level 10 in Dodging
 10248 | D:8      | Reached *** piety under Dithmenos
 10458 | D:8      | Found a runed door.
 10459 | D:8      | Noticed a sixfirhy
 10914 | D:9      | Noticed Pikel
 10920 | D:9      | Killed Pikel
 11039 | D:9      | Slain by an orc warrior

Skill      XL: |  1  2  3  4  5  6  7  8  9 |
---------------+----------------------------+-----
Stealth        | 6 7 8 10 11 13 | 13.2
Short Blades   | 3 4 5 6 |  6.0
Dodging        | 5 9 12 | 12.5
Hexes          | 1 4 |  4.2
Fighting       | |  1.7
Throwing       | |  2.0

Action                   |  1- 3 |  4- 6 |  7- 9 || total
-------------------------+-------+-------+-------++-------
Melee: Dagger            |   110 |   171 |       ||   281
       Short sword       |       |    16 |   563 ||   579
 Fire: Blowgun           |     6 |     8 |    11 ||    25
 Cast: Shroud of Golubri |       |       |     6 ||     6
       Confuse           |       |       |     7 ||     7
Invok: Shadow Step       |       |       |     1 ||     1
  Use: Scroll            |       |     2 |     4 ||     6
       Potion            |       |       |     1 ||     1
 Stab: Sleeping          |    11 |    11 |    31 ||    53
       Distracted        |     1 |       |     4 ||     5
       Confused          |       |       |     1 ||     1
  Eat: Royal jelly       |       |     1 |       ||     1
       Bread ration      |       |       |     1 ||     1
       Pizza             |       |       |     2 ||     2
Armor: Robe              |    13 |    16 |    23 ||    52
Dodge: Dodged            |    65 |   101 |   423 ||   589
Block: Other             |       |       |    94 ||    94
       Reflection        |       |       |     2 ||     2
